 Dungeon Crawl Stone Soup version 0.29.1-2-gbd0b4ee654 (webtiles) character file.

Game seed: 13686235962697957983

81 Firos the Conjurer (level 4, -1/24 HPs)
             Began as a Deep Elf Conjurer on Nov 13, 2022.
             Killed by miscasting Fulminant Prism (14 damage)
             ... on level 2 of the Dungeon.
             The game lasted 00:03:06 (1501 turns).

Firos the Conjurer (Deep Elf Conjurer)              Turns: 1501, Time: 00:03:08

Health: -1/24      AC:  2    Str:  4    XL:     4   Next: 20%
Magic:  2/12       EV: 28    Int: 25    God:
Gold:   85         SH:  0    Dex: 19    Spells: 1/11 levels left

rFire   . . .      SeeInvis +   (no weapon)
rCold   . . .      Faith    .   (no shield)
rNeg    . . .      Spirit   .   a - +0 robe
rPois   .          Reflect  .   (no helmet)
rElec   .          Harm     .   (no cloak)
rCorr   .          Rampage  .   (no gloves)
Will    .....                   (no boots)
Stlth   ++........              c - amulet of the acrobat
HPRegen 0.08/turn               d - +6 ring of dexterity
MPRegen 0.13/turn               g - ring of see invisible

@: acrobatic, very slightly contaminated
A: no striking features
a: no special abilities


You were on level 2 of the Dungeon.
You visited 1 branch of the dungeon, and saw 2 of its levels.

You collected 85 gold pieces.

Inventory:

Armour
 a - a +0 robe (worn)
Jewellery
 c - an amulet of the acrobat (around neck)
 d - a +6 ring of dexterity (left hand)
 g - a ring of see invisible (right hand)
Potions
 b - a potion of magic
 e - a potion of heal wounds
 f - a potion of haste


   Skills:
 - Level 2.4 Dodging
 - Level 2.4 Stealth
 + Level 4.2 Spellcasting
 * Level 5.7 Conjurations


You had one spell level left.
You knew the following spells:

 Your Spells              Type           Power      Damage    Failure   Level
a - Magic Dart            Conj           100%       1d8       1%          1
b - Searing Ray           Conj           68%        2d6       1%          2
c - Dazzling Flash        Conj/Hex       38%        N/A       9%          3
d - Fulminant Prism       Conj/Hex       9%         3d7       26%         4

Your spell library contained the following spells:

 Spells                   Type           Power      Damage    Failure   Level
 Necrotise                Necr           20%        1d5       9%          1
 Vampiric Draining        Necr           5%         2d6       26%         3
 Iskenderun's Mystic Bla  Conj/Tloc      19%        2d6       26%         4
 Agony                    Necr           5%         N/A       94%         5


Dungeon Overview and Level Annotations

Branches:
Dungeon (2/15)

Altars:

Annotations:
D:2 Sigmund


Message History

Casting: Fulminant Prism (astonishingly dangerous; 26% risk of failure)
Confirm with . or Enter, or press ? or * to list all spells.
The spell is astonishingly dangerous to miscast (26% risk of failure)!
Continue anyway?
Aiming: Fulminant Prism (astonishingly dangerous; 26% risk of failure)
Press: ? - help, Dir - move target You conjure a prism of explosive energy!
A fulminant prism comes into view.
Sigmund gestures at you while chanting.
You are confused.
Your fulminant prism crackles loudly.
It was a potion of heal wounds.
You feel much better.
Sigmund laughs darkly.
Your fulminant prism explodes!
The blast of energy engulfs Sigmund!
Sigmund is severely wounded.
Sigmund casts a spell at you.
You are more confused.
You bump into the rock wall.
Sigmund casts a spell at you. The puff of flame misses you.
Sigmund is suddenly surrounded by pale blue light.
Sigmund casts a spell at you. The puff of flame misses you.
You bump into the rock wall.
Sigmund says, "I'm your fate." Sigmund gestures at you while chanting.
The puff of flame hits you!
Ouch! That really hurt!
You bump into the rock wall.
You're too confused to move!
You feel less confused.
Casting: Fulminant Prism (astonishingly dangerous; 26% risk of failure)
Confirm with . or Enter, or press ? or * to list all spells.
The spell is astonishingly dangerous to miscast (26% risk of failure)!
Continue anyway?
Aiming: Fulminant Prism (astonishingly dangerous; 26% risk of failure)
Press: ? - help, Dir - move target You miscast Fulminant Prism.
You are very lightly contaminated with residual magic.
You are caught in a violent explosion!
Ouch! That really hurt!
You die...

## #......#.# ##.........# #
#......#.# #........#.# ##
#......#.####.#.##...#.#
.###'######.....@...#...#.##
.................†.........#
#(##.##.###.####.#.........#
#.##.##.###.# #.#.........#
.....#...##.# #.####...####
#...........# #@# #...###
######...#### #.# #.....###
##.## #.#####)##...# #.#
#....#######.# #>#
###.##∩#∩#∩#.# #.#
#....._(...# #.#
####∩#∩#∩### #. #######


You could see Sigmund.

Vanquished Creatures
  A gnoll (D:1)
  2 adders (D:2)
  3 dart slugs (D:1)
  4 ball pythons
  4 bats (D:1)
  2 endoplasms (D:1)
  A giant cockroach (D:1)
  5 goblins (D:1)
  2 hobgoblins (D:1)
  7 jackals (D:1)
  2 quokkas (D:1)
  A frilled lizard (D:1)
  5 kobolds (D:1)
  4 rats (D:1)
43 creatures vanquished.

Vanquished Creatures (others)
  2 fulminant prisms (D:2)
2 creatures vanquished.

Grand Total: 45 creatures vanquished

Notes
Turn   | Place    | Note
-------+----------+-------------------------------------------
     0 | D:1      | Firos the Deep Elf Conjurer began the quest for the Orb.
     0 | D:1      | Reached XP level 1. HP: 10/10 MP: 6/6
   163 | D:1      | Reached XP level 2. HP: 15/15 MP: 0/8
   166 | D:1      | Learned a level 2 spell: Searing Ray
   258 | D:1      | Reached skill level 5 in Conjurations
   408 | D:1      | Reached XP level 3. HP: 19/19 MP: 6/10
   417 | D:1      | Learned a level 3 spell: Dazzling Flash
  1289 | D:2      | Reached XP level 4. HP: 24/24 MP: 6/12
  1405 | D:2      | Found a faded altar of an unknown god.
  1444 | D:2      | Noticed Sigmund
  1451 | D:2      | Learned a level 4 spell: Fulminant Prism
  1501 | D:2      | Killed by miscasting Fulminant Prism

Illustrated notes

Levels and vault maps discovered:
D:1:      minmay_arrival_three_doors, layout_loops_cross, serial_rivers,
          chequers_serial_rivers_marsh, chequers_serial_rivers_micro_a,
          chequers_serial_rivers_micro_e, chequers_serial_rivers_room_b,
          minmay_misc_feat_diagonals, minmay_tetromino_s2
D:2:      layout_loops_ring, serial_aquarium, aquarium_bridge_square
          [aquarium_subvault_window, aquarium_subvault_window,
          aquarium_subvault_wall, aquarium_subvault_bridge],
          aquarium_window_fake, aquarium_window_corner, aquarium_view_2b,
          aquarium_pool_side, ebering_ecumenical_altar_hall, uniq_sigmund

Skill      XL: |  1  2  3 |
---------------+----------+-----
Conjurations   | 5 |  5.7
Spellcasting   | 4 |  4.2
Dodging        | |  2.4
Stealth        | |  2.4

Action                   |  1- 3 |  4- 6 || total
-------------------------+-------+-------++-------
Melee: Unarmed           |     7 |       ||     7
 Cast: Magic Dart        |    79 |     5 ||    84
       Fulminant Prism   |       |     2 ||     2
  Use: Scroll            |       |     1 ||     1
       Potion            |       |     1 ||     1
Armor: Robe              |     3 |       ||     3
Dodge: Dodged            |     5 |     2 ||     7
